 Dungeon Crawl Stone Soup version 0.17.1-3-g152610e (webtiles) character file.

811 Peloso the Covered (level 7, -3/61 HPs)
             Began as a Minotaur Fighter on Apr 23, 2016.
             Was a Believer of Okawaru.
             Slain by an ice beast (6 damage)
             ... on level 5 of the Dungeon.
             The game lasted 00:10:44 (4248 turns).

Peloso the Covered (Minotaur Fighter)               Turns: 4248, Time: 00:10:45

Health: -3/61      AC: 13    Str: 24    XL:     7   Next: 61%
Magic:  6/6        EV:  7    Int:  5    God:    Okawaru [**....]
Gold:   288        SH: 10    Dex: 11    Spells: 0 memorised, 6 levels left

rFire  . . .     SeeInvis .     a - +1 long sword
rCold  . . .     Clarity  .     o - +0 chain mail
rNeg   . . .     SustAt   .     c - +0 shield
rPois  .         Gourm    .     (helmet restricted)
rElec  .         Spirit   .     (no cloak)
rCorr  .         Warding  .     h - +2 pair of gloves {Str+3}
rMut   .         Stasis   .     (no boots)
MR     .....                    (no amulet)
Stlth  ..........               (no ring)
                                (no ring)

@: not resistant to hostile enchantments, extremely unstealthy
A: retaliatory headbutt, horns 2
a: Heroism, Renounce Religion


You were on level 5 of the Dungeon.
You worshipped Okawaru.
Okawaru was pleased with you.
You were not hungry.

You visited 1 branch of the dungeon, and saw 5 of its levels.

You collected 288 gold pieces.

Inventory:

Hand Weapons
 a - a +1 long sword (weapon)
Armour
 b - a +0 scale mail
 c - a +0 shield (worn)
 h - a +2 pair of gloves of strength (worn)
 o - a +0 chain mail (worn)
Wands
 w - a wand of fire (6)
Scrolls
 g - a scroll of amnesia
 q - 2 scrolls of remove curse
 u - a scroll of magic mapping
 x - a scroll of fear
 B - a scroll of teleportation
Potions
 d - a potion of might
 f - a potion of cure mutation
 i - a potion of brilliance
 p - 2 potions of agility {unknown}
 s - a potion of poison {unknown}
 t - 3 potions of curing {unknown}
 z - a potion of haste {unknown}
 A - 2 potions of resistance {unknown}
Comestibles
 e - 4 bread rations
 j - 6 fruits
 l - 2 beef jerkies
 r - 4 chunks of flesh
 v - 4 meat rations


   Skills:
 + Level 5.0 Fighting
 + Level 5.0 Long Blades
 + Level 7.0 Armour
 + Level 3.2 Dodging
 + Level 0.6 Stealth
 + Level 5.7 Shields
 + Level 0.6 Invocations


You had 6 spell levels left.
You didn't know any spells.

Dungeon Overview and Level Annotations

Branches:
Dungeon (5/15)             Temple (0/1) D:4

Altars:
Gozag
Nemelex Xobeh
Okawaru
Trog
Vehumet
Zin

Shops:
D:4 =


Innate Abilities, Weirdness & Mutations

You reflexively headbutt those who attack you in melee.
You have a pair of horns on your head.


Message History

The ice beast hits you but does no damage. x2
Your shield prevents you from hitting the ice beast.
Your headbutt misses the ice beast.
The ice beast is severely wounded.
You block the ice beast's attack.
You closely miss the ice beast. Your headbutt misses the ice beast.
The ice beast is severely wounded.
The ice beast hits you but does no damage.
You closely miss the ice beast.
The ice beast is severely wounded.
The ice beast hits you.
* * * LOW HITPOINT WARNING * * *
The ice beast freezes you!
* * * LOW HITPOINT WARNING * * *
You hit the ice beast. You headbutt the ice beast.
The ice beast is almost dead.
The ice beast hits you.
* * * LOW HITPOINT WARNING * * *
The ice beast freezes you.
You die...

..#### #...# *,*,,,,,,,* #.#
#...# *,*,*****,* #.##
#...#######*,*,*****,***
...#######.........#*,,,,,,,*,,,,
##.#...........%...##..,,,,*,,,,,
............%.........#,*,***,,,,
#.##>...!.......Y..#..#,,,,*,,,,,
#.######.#.....###.#,,**,,,,*,,,,
#.# #.......Y@..#,,,,,,,,*****
#.# #.#.....#####*,**,**,*****
#.# #.#.....# *<,,,,,,,,,,* #.#
#.#.....# *,**,*,,***,* #.#
#.......# *,**,*,,,,,,, #.#
#.#.##.## *,**,>,,,,*,*
#.#****#...,..# *,****,,,,,,*
..#*,,,,..,,##* *,,,,,,,,,,,,
****,*****,,*********,******,****


You could see an ice beast.

Vanquished Creatures
  2 ogres
  An ice beast (D:5)
  A crimson imp (D:5)
  2 hounds
  A jelly (D:5)
  Jessica (D:2)
  5 worker ants
  Terence (D:2)
  A hound skeleton (D:5)
  5 adders
  4 gnolls (D:4)
  A worker ant zombie (D:4)
  3 shadow imps (D:5)
  2 oozes
  3 worms (D:2)
  5 giant geckos
  12 orcs
  5 bats
  4 giant cockroaches
  7 hobgoblins
  12 jackals
  2 quokkas
  4 ball pythons
  7 giant newts
  8 goblins
  15 kobolds
  8 rats
122 creatures vanquished.

Notes
Turn   | Place    | Note
--------------------------------------------------------------
     0 | D:1      | Peloso the Minotaur Fighter began the quest for the Orb.
     0 | D:1      | Reached XP level 1. HP: 19/19 MP: 0/0
    77 | D:1      | Reached XP level 2. HP: 10/27 MP: 1/1
   342 | D:1      | Found a sparkling altar of Nemelex Xobeh.
   381 | D:1      | Reached skill level 4 in Armour
   723 | D:1      | Reached XP level 3. HP: 33/33 MP: 2/2
   739 | D:1      | Reached skill level 1 in Dodging
  1108 | D:2      | Found an iron altar of Okawaru.
  1120 | D:2      | Became a worshipper of Warmaster Okawaru
  1303 | D:2      | Reached XP level 4. HP: 26/40 MP: 3/3
  1319 | D:2      | Noticed Jessica
  1331 | D:2      | Killed Jessica
  1653 | D:2      | Found a glowing silver altar of Zin.
  1808 | D:2      | Noticed Terence
  1823 | D:2      | Killed Terence
  1823 | D:2      | Reached XP level 5. HP: 32/47 MP: 4/4
  2093 | D:2      | Reached skill level 5 in Armour
  2587 | D:3      | Found a bloodstained altar of Trog.
  2845 | D:3      | Reached * piety under Okawaru
  3247 | D:4      | Found an opulent altar of Gozag.
  3248 | D:4      | Found a radiant altar of Vehumet.
  3320 | D:4      | Reached XP level 6. HP: 16/53 MP: 5/5
  3413 | D:4      | Found a staircase to the Ecumenical Temple.
  3551 | D:4      | Found Betsasox's Jewellery Boutique.
  3833 | D:4      | Reached skill level 6 in Armour
  4029 | D:5      | Entered Level 5 of the Dungeon
  4068 | D:5      | Reached skill level 5 in Shields
  4136 | D:5      | Reached XP level 7. HP: 53/60 MP: 6/6
  4189 | D:5      | Reached ** piety under Okawaru
  4240 | D:5      | Reached skill level 5 in Fighting
  4240 | D:5      | Reached skill level 5 in Long Blades
  4240 | D:5      | Reached skill level 7 in Armour
  4247 | D:5      | HP: 3/61 [ice beast (7)]
  4248 | D:5      | Slain by an ice beast

Action                   |  1- 3 |  4- 6 |  7- 9 || total
-------------------------+-------+-------+-------++-------
Melee: Long sword        |    94 |   222 |    46 ||   362
Invok: Heroism           |       |       |     1 ||     1
  Use: Scroll            |       |     5 |     7 ||    12
  Eat: Chunk             |     1 |    10 |       ||    11
